 Dungeon Crawl Stone Soup version 0.22-a0-515-g75794bf (webtiles) character file.

256 Amnesiac the Charlatan (level 5, -2/40 HPs)
             Began as a Spriggan Monk on June 19, 2018.
             Was an Initiate of Gozag.
             Killed from afar by an orc wizard (9 damage)
             ... with a puff of flame
             ... on level 4 of the Dungeon.
             The game lasted 00:08:47 (4305 turns).

Amnesiac the Charlatan (Spriggan Monk)              Turns: 4305, Time: 00:08:48

Health: -2/40      AC:  3    Str: 13    XL:     5   Next: 92%
Magic:  10/10      EV: 20    Int: 12    God:    Gozag
Gold:   461        SH:  0    Dex: 16    Spells: 4/4 levels left

rFire    . . .     SeeInvis +   a - +0 short sword
rCold    . . .     Gourm    .   (shield restricted)
rNeg     . . .     Faith    .   b - +0 robe
rPois    .         Spirit   .   (helmet restricted)
rElec    .         Reflect  .   y - +0 cloak
rCorr    .         Harm     .   (gloves unavailable)
MR       .....                  (boots unavailable)
Stlth    ..........             (no amulet)
HPRegen  0.13/turn              f - -2 ring of dexterity (curse)
MPRegen  0.12/turn              (no ring)

@: berserking, very slightly contaminated, invisible, very quick
A: very small, unfitting armour, see invisible, herbivore, speed 3, slow
metabolism 2, wild magic 1
a: Potion Petition, Call Merchant, Bribe Branch, Renounce Religion


You were on level 4 of the Dungeon.
You worshipped Gozag.
Gozag was aware of your devotion.
You were not hungry.

You visited 2 branches of the dungeon, and saw 5 of its levels.

You collected 461 gold pieces.

Inventory:

Hand Weapons
 a - a +0 short sword (weapon)
 w - a +0 dagger
Armour
 b - a +0 robe (worn)
 y - a +0 cloak (worn)
Jewellery
 f - a cursed -2 ring of dexterity (left hand)
Wands
 i - a wand of enslavement (16)
Scrolls
 n - a scroll of amnesia {!r, unknown}
 p - a scroll of random uselessness {!r, unknown}
 q - a scroll of blinking {!r, unknown}
 r - 8 scrolls of identify {!r, unknown}
 t - 3 scrolls of teleportation {!r}
 u - a scroll of immolation {!r, unknown}
 v - a scroll of magic mapping {!r, unknown}
 A - a scroll of remove curse {!r, unknown}
 B - a scroll of fog {!r}
Potions
 d - a potion of brilliance {!q, unknown}
 e - a potion of invisibility {!q}
 g - a potion of berserk rage {!q}
 h - a potion of curing {!q, unknown}
 j - 2 potions of flight {!q, unknown}
 k - a potion of heal wounds {!q, unknown}
 l - a potion of ambrosia {!q, unknown}
 m - a potion of agility {!q}
 o - a potion of magic {!q, unknown}
 s - a potion of mutation {!q}
 x - a potion of degeneration {!q, unknown}
 z - a potion of experience {!q, unknown}
Comestibles
 c - 8 rations


   Skills:
 - Level 2.4 Fighting
 * Level 4.9 Short Blades
 - Level 4.4 Dodging
 + Level 4.9 Stealth
 + Level 5.4 Evocations


You had 4 spell levels left.
You didn't know any spells.
Your spell library was empty.

Dungeon Overview and Level Annotations

Branches:
Dungeon (4/15)             Temple (1/1) D:4

Altars:
Ashenzari
Cheibriados
Dithmenos
Elyvilon
Fedhas
Gozag
Hepliaklqana
Kikubaaqudgha
Makhleb
Nemelex Xobeh
Okawaru
Qazlal
Ru
Sif Muna
Trog
Uskayaw
Vehumet
Wu Jian
Xom
Yredelemnul
Zin
The Shining One


Innate Abilities, Weirdness & Mutations

You are very small and have problems with some larger weapons.
You are too small for most types of armour.
You have supernaturally acute eyesight. (SInv)
You are a herbivore.
You cover ground extremely quickly.
You need to consume almost no food.
Your spells are a little harder to cast, but a little more powerful.


Message History

HP restored.
You climb downwards.
There is a stone staircase leading up here.
An orc is nearby!
An orc is nearby!
You puncture the orc!
You kill the orc!
The orc wizard mumbles some strange words.
The orc wizard flickers and vanishes for a moment.
Things that are here:
17 gold pieces; a scroll labeled ZUEHAI TYITH {!r} The orc wizard points at you and mumbles some strange words.
You easily resist.
You barely miss the orc wizard. You closely miss the orc wizard.
The orc wizard closely misses you.
You hit the orc wizard.
The orc wizard is lightly wounded.
The orc wizard hits you but does no damage.
You hit the orc wizard.
The orc wizard is moderately wounded.
The orc wizard hits you with a dagger.
You hit the orc wizard.
The orc wizard is moderately wounded.
The orc wizard closely misses you.
You closely miss the orc wizard.
The orc wizard is moderately wounded.
The orc wizard points at you and mumbles some strange words.
The magic dart hits you!
You hit the orc wizard but do no damage.
The orc wizard is moderately wounded.
The orc wizard points at you and mumbles some strange words.
The magic dart hits you!
* * * LOW HITPOINT WARNING * * *
There is a stone staircase leading down here.
Okay, then.
Okay, then.
Really quaff
s - 2 white potions {!q}?
It was a potion of mutation {!q}.
You feel extremely strange.
You feel stupid.
You feel less in control of your magic.
You feel clever.
The orc wizard points at you and mumbles some strange words.
The magic dart hits you!
* * * LOW HITPOINT WARNING * * *
Really quaff
e - 2 metallic white potions {!q}?
It was a potion of invisibility {!q}.
You fade into invisibility!
The orc wizard completely misses you.
You are very lightly contaminated with residual magic.
You completely miss the orc wizard.
The orc wizard is moderately wounded.
The orc wizard misses you.
You barely miss the orc wizard.
The orc wizard is moderately wounded.
The orc wizard casts a spell at you.
You easily resist.
Really quaff
g - 2 murky red potions {!q}?
It was a potion of berserk rage {!q}.
A red film seems to cover your vision as you go berserk!
You feel yourself moving faster!
You feel mighty!
You closely miss the orc wizard.
The orc wizard is moderately wounded.
The orc wizard points at you and mumbles some strange words.
The puff of flame hits you!
You die...
Your body crumbles into a pile of gold.

#####.##### #.# ##. # #.........#
#.# #.. ..# #.###.###.# ##'## #.#
..# #.# #.# #.# ##...## #.# ..#
#.# #.###.# ##.....## #.###.#
#.###..##.###.......## #.....#
#.........##........<###..o.####.
####.......+.<..$....'..#..oo.o..
##...####....@....#.###...####
##.## ##....o..###.#..#.# #.#
##.....## #..###.# #.# ##...##
#......# #.# ##'## ##.##### #.#
#.# #.# #.# #####.#### #.# #.#
#........# #.# #.# #.##...#.# #.#


You could see an orc wizard (invisible).

Vanquished Creatures
  3 vampire bats (D:2)
  Jessica (D:2)
  3 adders (D:2)
  2 dart slugs
  2 leopard geckos (D:2)
  3 orcs
  2 bat skeletons (D:2)
  3 bat zombies (D:2)
  5 giant cockroaches
  7 goblins
  8 hobgoblins
  9 jackals
  2 ball pythons
  7 bats
  5 frilled lizards
  A giant cockroach zombie (D:4)
  7 kobolds
  2 rats (D:1)
72 creatures vanquished.

Notes
Turn   | Place    | Note
-------+----------+-------------------------------------------
     0 | D:1      | Amnesiac the Spriggan Monk began the quest for the Orb.
     0 | D:1      | Reached XP level 1. HP: 11/11 MP: 2/2
   220 | D:3      | Found an iron altar of Okawaru.
   276 | D:3      | Reached XP level 2. HP: 16/16 MP: 3/3
   378 | D:4      | Found a white marble altar of Elyvilon.
   503 | D:4      | Found a snail-covered altar of Cheibriados.
   523 | D:4      | Noticed a crimson imp
   523 | D:4      | Noticed an ogre
   526 | D:4      | Found a staircase to the Ecumenical Temple.
   538 | Temple   | Entered the Ecumenical Temple
   585 | Temple   | Became a worshipper of Gozag Ym Sagoz the Greedy
   615 | D:4      | Reached skill level 1 in Evocations
   782 | D:1      | Reached skill level 2 in Evocations
  1078 | D:1      | Reached XP level 3. HP: 15/19 MP: 4/6
  1192 | D:1      | Reached skill level 3 in Evocations
  1797 | D:2      | Noticed Jessica
  1813 | D:2      | Killed Jessica
  1813 | D:2      | Reached skill level 4 in Evocations
  1813 | D:2      | Reached XP level 4. HP: 6/23 MP: 6/8
  2978 | D:2      | Found an ancient bone altar of Kikubaaqudgha.
  3059 | D:2      | Reached skill level 5 in Evocations
  3059 | D:2      | Reached XP level 5. HP: 13/27 MP: 9/9
  3344 | D:2      | Found a glowing silver altar of Zin.
  3345 | D:2      | Found a hazy altar of Hepliaklqana.
  3490 | D:3      | Found a burning altar of Makhleb.
  3876 | D:4      | Noticed a phantom
  4299 | D:4      | Gained mutation: You are dopey. (Int -2) [potion of mutation]
  4299 | D:4      | Gained mutation: Your spells are a little harder to cast, but a little more powerful. [potion of mutation]
  4299 | D:4      | Lost mutation: You are dopey. (Int -2) [potion of mutation]
  4305 | D:4      | Killed from afar by an orc wizard

Vault maps used:
D:1:      nicolae_arrival_memento_mori
D:2:      kennysheep_vampire_church, gammafunk_temple_overflow_statue,
          uniq_jessica
D:3:      overflow_temple_1_default, okawaru_metal_pillars_1_2
D:4:      old_standard_altar, minmay_temple_entry_junction_2, elyvilon_altar_1
Temple:   compressed_dpeg_circular_temple

Skill      XL: |  1  2  3  4 |
---------------+-------------+-----
Evocations     | 2 4 5 |  5.4
Stealth        | 4 |  4.9
Short Blades   | 4 |  4.9
Fighting       | |  2.4
Dodging        | |  4.4

Action                   |  1- 3 |  4- 6 || total
-------------------------+-------+-------++-------
Melee: Short sword       |   149 |   216 ||   365
Evoke: Wand              |       |     1 ||     1
  Use: Scroll            |     2 |       ||     2
       Potion            |       |     3 ||     3
 Stab: Sleeping          |     9 |     4 ||    13
       Distracted        |     2 |       ||     2
  Eat: Ration            |       |     1 ||     1
Armor: Robe              |     7 |    34 ||    41
Dodge: Dodged            |   116 |   200 ||   316

Table legend:
 A = Spawn XP
 B = Non-spawn XP
 C = Spawn XP percentage of total XP
 D = Spawn monster count
 E = Non-spawn monster count
 F = Spawn count percentage of total count
 G = Total turns spent on level
                    A         B        C        D         E        F      G
               +---------+---------+-------+---------+---------+-------+---------
         Total |       0 |     366 |   0.0 |       0 |      72 |   0.0 |  4305
               +---------+---------+-------+---------+---------+-------+---------
           D:1 |       0 |      44 |   0.0 |       0 |      24 |   0.0 |  1452
           D:2 |       0 |     285 |   0.0 |       0 |      29 |   0.0 |  1435
           D:3 |       0 |      27 |   0.0 |       0 |      14 |   0.0 |   822
           D:4 |       0 |      10 |   0.0 |       0 |       5 |   0.0 |   534
               +---------+---------+-------+---------+---------+-------+---------
